 Dungeon Crawl Stone Soup version 0.24-a0-613-g1ff6aac338 (webtiles) character file.

Game seed: 14444365167537516737, levelgen mode: deterministic

26 Ishchenko the Insei (level 3, 0/26 HPs)
             Began as a Human Transmuter on Sept 12, 2019.
             Succumbed to an adder's poison
             ... on level 2 of the Dungeon.
             The game lasted 00:05:50 (1202 turns).

Ishchenko the Insei (Human Transmuter)              Turns: 1202, Time: 00:05:51

Health: 0/26       AC:  2    Str: 10    XL:     3   Next: 22%
Magic:  11/15      EV: 12    Int: 14    God:
Gold:   68         SH:  0    Dex: 13    Spells: 3/6 levels left

rFire    + . .     SeeInvis .   g - +2 mace (venom)
rCold    + . .     Gourm    .   (no shield)
rNeg     . . .     Faith    .   b - +0 robe
rPois    +         Spirit   .   (no helmet)
rElec    +         Reflect  .   (no cloak)
rCorr    +         Harm     .   (no gloves)
MR       .....                  (boots currently unavailable)
Stlth    +.........             (no amulet)
HPRegen  0.08/turn              i - ring of magical power
MPRegen  0.14/turn              (no ring)

@: lethally poisoned (0 -> -10), appendage (expiring), resistant, lightly
drained
A: talons 3
a: End Transformation


You were on level 2 of the Dungeon.
You were not hungry.
You had grown temporary talons.
You visited 1 branch of the dungeon, and saw 2 of its levels.

You collected 68 gold pieces.

Inventory:

Hand Weapons
 g - a +2 mace of venom (weapon)
Missiles
 a - 28 arrows
Armour
 b - a +0 robe (worn)
Jewellery
 i - a ring of magical power (left hand)
Scrolls
 e - a scroll of random uselessness {unknown}
 h - a scroll of identify {unknown}
 j - a scroll of amnesia {unknown}
 k - a scroll of teleportation {unknown}
 m - a scroll of fog {unknown}
Potions
 c - a potion of resistance
 f - a potion of lignification {unknown}
 l - a potion of curing {unknown}
Comestibles
 d - 2 rations


   Skills:
 + Level 1.0(0.9) Fighting
 + Level 0.2 Maces & Flails
 + Level 2.3 Dodging
 + Level 0.3 Stealth
 + Level 3.5 Unarmed Combat
 + Level 2.2 Spellcasting
 + Level 2.0 Transmutations


You had 3 spell levels left.
You knew the following spells:

 Your Spells              Type           Power        Failure   Level  Hunger
a - Beastly Appendage     Tmut           #.....       10%         1    #......
b - Sticks to Snakes      Tmut           #.......     16%         2    ###....

Your spell library contained the following spells:

 Spells                   Type           Power        Failure   Level  Hunger
 Spider Form              Tmut/Pois      #.........   41%         3    ###....
 Ice Form                 Ice/Tmut       #.......     83%         4    #####..
 Blade Hands              Tmut           #.........   95%         5    ######.


Dungeon Overview and Level Annotations

Branches:
Dungeon (2/15)

Altars:


Innate Abilities, Weirdness & Mutations

You have claws for feet.


Message History

Casting: Sticks to Snakes (safe; 16% risk of failure)
Confirm with . or Enter, or press ? or * to list all spells.
You create a snake!
You now have 28 arrows.
Your ball python bites the ball python.
Your ball python grabs the ball python.
Your ball python constricts the ball python.
The ball python bites your ball python.
Your ball python dies!
The adder bites you.
* * * LOW HITPOINT WARNING * * *
You are more poisoned.
The adder poisons you! The leopard gecko bites you.
* * * LOW HITPOINT WARNING * * *
The ball python hisses angrily.
You swap places.
* * * LOW HITPOINT WARNING * * *
You feel sick. The adder bites your ball python.
Your ball python dies!
It was a potion of resistance.
You feel protected.
You die...

#.# #......%%.
#.#..#
#.###.........
#.#..#
#.....########
#.#### #.)...#
#.# #.....#
######.#
#...lS#
#......#
#....S#
#.######
#[...l# #.#
###'#@# #.#
#.#.# #.#
#...# #.#
##..# #.#
####..# #.#
#.....# #.###
#.....# #...#
#.....#
###.#####
#...รท>#
#.....#


You could see an adder, 2 leopard geckos and a ball python.

Vanquished Creatures
  A dart slug (D:1)
  7 bats
  A giant cockroach (D:1)
  2 goblins (D:1)
  4 hobgoblins (D:1)
  4 kobolds (D:1)
  A frilled lizard (D:1)
  3 rats (D:1)
23 creatures vanquished.

Notes
Turn   | Place    | Note
-------+----------+-------------------------------------------
     0 | D:1      | Ishchenko the Human Transmuter began the quest for the Orb.
     0 | D:1      | Reached XP level 1. HP: 15/15 MP: 3/3
    61 | D:1      | Reached XP level 2. HP: 14/21 MP: 5/5
   231 | D:1      | Learned a level 2 spell: Sticks to Snakes
   710 | D:1      | Reached XP level 3. HP: 20/26 MP: 6/6
  1201 | D:2      | HP: 1/26 [poisoned by an adder]
  1202 | D:2      | Succumbed to an adder's poison

Levels and vault maps discovered:
D:1:      kennysheep_arrival_seaside, layout_basic, minmay_misc_feat_nine_boxes
D:2:      layout_basic, uniq_sigmund, uniq_natasha

Action                   || total
-------------------------++-------
Melee: Unarmed           ||     9
       Mace              ||    41
       Punch             ||     1
 Cast: Beastly Appendage ||     2
       Sticks to Snakes  ||     2
  Use: Potion            ||     1
  Eat: Chunk             ||     1
Armor: Robe              ||    15
Dodge: Dodged            ||    44

Table legend:
 A = Non-vault XP
 B = Vault XP
 C = Vault XP percentage of total XP
 D = Non-vault monster count
 E = Vault monster count
 F = Vault count percentage of total count
                 A         B        C        D         E       F
            +---------+---------+-------+---------+---------+-------
      Total |      38 |       0 |   0.0 |      23 |       0 |   0.0
            +---------+---------+-------+---------+---------+-------
        D:1 |      36 |       0 |   0.0 |      22 |       0 |   0.0
        D:2 |       2 |       0 |   0.0 |       1 |       0 |   0.0
            +---------+---------+-------+---------+---------+-------
